 Dungeon Crawl Stone Soup version 0.23-a0-208-gb6b040f (webtiles) character file.

246 mandick the Magician (level 6, -1/36 HPs)
             Began as an Octopode Wizard on Sept 25, 2018.
             Was an Initiate of Nemelex Xobeh.
             Killed from afar by an orc wizard (6 damage)
             ... with a magic dart
             ... on level 4 of the Dungeon.
             The game lasted 00:10:50 (3685 turns).

mandick the Magician (Octopode Wizard)              Turns: 3685, Time: 00:10:51

Health: -1/36      AC:  1    Str:  6    XL:     6   Next: 11%
Magic:  5/12       EV: 13    Int: 22    God:    Nemelex Xobeh [......]
Gold:   129        SH:  0    Dex: 11    Spells: 7/13 levels left

rFire    x . .     SeeInvis .   j - +2 dagger (protect)
rCold    + . .     Gourm    .   (no shield)
rNeg     . . .     Faith    .   a - +0 hat
rPois    .         Spirit   .   (no amulet)
rElec    .         Reflect  .   b - ring of ice (curse)
rCorr    .         Harm     .   (no ring)
MR       .....                  (no ring)
Stlth    +++.......             (no ring)
HPRegen  0.12/turn              (no ring)
MPRegen  0.13/turn              (no ring)
                                (no ring)
                                (no ring)

@: no status effects
A: almost no armour, stealthy swim, amphibious, 8 rings, constrict 8, camouflage
1, gelatinous body 1
a: Renounce Religion


You were on level 4 of the Dungeon.
You worshipped Nemelex Xobeh.
Nemelex Xobeh was noncommittal.
You were not hungry.

You visited 1 branch of the dungeon, and saw 4 of its levels.

You collected 129 gold pieces.

Inventory:

Hand Weapons
 d - a cursed -2 hunting sling
 j - a +2 dagger of protection (weapon)
Missiles
 g - 53 stones (quivered)
Armour
 a - a +0 hat (worn)
Jewellery
 b - a cursed ring of ice (left tentacle)
Wands
 p - a wand of polymorph (9)
 r - a wand of enslavement (15)
Scrolls
 e - a scroll of teleportation
 i - 3 scrolls of identify
Potions
 f - 2 potions of magic
 k - a potion of might
 l - 2 potions of heal wounds {unknown}
 m - 2 potions of curing {unknown}
 n - 3 potions of degeneration {unknown}
 t - a potion of mutation {unknown}
Comestibles
 c - 6 rations
 h - a chunk of flesh


   Skills:
 - Level 2.2 Dodging
 - Level 3.0 Stealth
 - Level 4.0 Spellcasting
 + Level 3.1 Conjurations
 + Level 3.0 Summonings
   Level 1.0 Translocations
 + Level 1.2 Air Magic
 + Level 1.5 Poison Magic


You had 7 spell levels left.
You knew the following spells:

 Your Spells              Type           Power        Failure   Level  Hunger
a - Magic Dart            Conj           ###.         3%          1    None
b - Call Imp              Summ           ###.....     4%          2    #......
c - Mephitic Cloud        Conj/Pois/Air  ##......     16%         3    ###....

Your spell library contained the following spells:

 Spells                   Type           Power        Failure   Level  Hunger
 Blink                    Tloc           N/A          11%         2    #......
 Slow                     Hex            #.......     17%         2    #......
 Conjure Flame            Conj/Fire      ##......     19%         3    ###....


Dungeon Overview and Level Annotations

Branches:
Dungeon (4/15)
 Temple: D:4-7

Altars:
Nemelex Xobeh
Wu Jian
Xom

Annotations:
D:1 1 runed door


Innate Abilities, Weirdness & Mutations

You cannot wear most types of armour.
You are very stealthy in the water. (Stealth+)
You are amphibious.
You can wear up to eight rings at the same time.
You can use your tentacles to constrict eight enemies at once.
Your skin changes colour to match your surroundings (Stealth+).
Your rubbery body absorbs attacks. (AC +1, EV +1)


Message History

The orc closely misses your crimson imp.
The orc barely misses your crimson imp.
The orc wizard casts a spell.
The orc wizard blinks!
Something closely misses your crimson imp.
The orc misses your crimson imp.
Casting: Call Imp (safe; 4% risk of failure)
Confirm with . or Enter, or press ? or * to list all spells.
Aiming: Magic Dart (safe; 3% risk of failure)
Press: ? - help, Shift-Dir - straight line, f/p - orc wizard
Aim: an orc wizard, wielding a dagger and wearing a robe (severely wounded)
The magic dart hits the orc wizard.
The orc wizard is almost dead.
The orc hits your white imp but does no damage.
Your crimson imp hits the orc.
The orc dies!
The orc wizard gestures at you while chanting.
The magic dart hits you!
You die...
Your body disappears without a glow.

##. .o. #5# #)#
### #5#
######.. #5#
#...##.# #.#
#......# #.####
#...####
#@o..#######.##
####.........#
###########


You could see an orc wizard, an orc, 2 friendly crimson imps and a friendly
white imp.

Vanquished Creatures
  A howler monkey (D:4)
  An orc priest (D:4)
  Crazy Yiuf (D:3)
  Ijyb (D:3)
  Terence (D:3)
  2 adders (D:3)
  A howler monkey skeleton (D:4)
  2 shadow imps
  An ooze (D:2)
  2 worms (D:2)
  2 leopard geckos
  2 orcs (D:3)
  A ball python (D:2)
  7 bats
  2 giant cockroaches
  4 goblins
  3 hobgoblins (D:3)
  3 frilled lizards
  7 kobolds
  4 rats
48 creatures vanquished.

Vanquished Creatures (collateral kills)
  An adder (D:3)
  3 orcs
  A bat (D:3)
  A kobold (D:3)
6 creatures vanquished.

Grand Total: 54 creatures vanquished

Notes
Turn   | Place    | Note
-------+----------+-------------------------------------------
     0 | D:1      | mandick the Octopode Wizard began the quest for the Orb.
     0 | D:1      | Reached XP level 1. HP: 11/11 MP: 4/4
     1 | D:1      | Found a runed door.
   645 | D:1      | Reached XP level 2. HP: 17/17 MP: 6/6
   793 | D:1      | Learned a level 2 spell: Call Imp
  1043 | D:2      | Reached XP level 3. HP: 19/21 MP: 0/7
  1896 | D:2      | Found a basalt altar of Yredelemnul.
  1898 | D:2      | Found a hide-covered altar of Uskayaw.
  1898 | D:2      | Found a snail-covered altar of Cheibriados.
  1900 | D:2      | Found a hazy altar of Hepliaklqana.
  1900 | D:2      | Found a shimmering altar of Xom.
  1900 | D:2      | Found a stormy altar of Qazlal.
  2083 | D:3      | Noticed Terence
  2094 | D:3      | Killed Terence
  2094 | D:3      | Reached XP level 4. HP: 22/27 MP: 7/9
  2209 | D:3      | Noticed Ijyb
  2257 | D:3      | Killed Ijyb
  2606 | D:3      | Found a runed door.
  2682 | D:3      | Reached XP level 5. HP: 29/31 MP: 10/10
  2978 | D:3      | Learned a level 3 spell: Mephitic Cloud
  3060 | D:3      | Found a sparkling altar of Nemelex Xobeh.
  3064 | D:3      | Became a worshipper of Nemelex Xobeh the Trickster
  3287 | D:3      | Noticed Crazy Yiuf
  3301 | D:3      | Killed Crazy Yiuf
  3572 | D:4      | Reached skill level 4 in Spellcasting
  3579 | D:4      | Reached skill level 1 in Poison Magic
  3603 | D:4      | Found an ornate altar of the Wu Jian Council.
  3614 | D:4      | Reached skill level 1 in Air Magic
  3655 | D:4      | HP: 1/31 [orc priest/nerve-wracking pain (13)]
  3657 | D:4      | Reached XP level 6. HP: 2/36 MP: 8/12
  3685 | D:4      | Killed from afar by an orc wizard

Vault maps used:
D:1:      dpeg_arrival_caged_fury, hangedman_decor_clover_reticule,
          minmay_misc_feat_cross
D:2:      doesnt_xom_only_xom
D:3:      first_ration, hangedman_abyss_or_decor_stabs,
          nemelex_lonely_heart_becter, uniq_terence, uniq_crazy_yiuf_cottage,
          uniq_ijyb
D:4:      kennysheep_little_box, temple_pool_b, gup_sewer_entry_pipe

Skill      XL: |  1  2  3  4  5 |
---------------+----------------+-----
Stealth        | 3 |  3.0
Conjurations   | 2 3 |  3.1
Summonings     | 2 3 |  3.0
Spellcasting   | 4 |  4.0
Poison Magic   | 1 |  1.5
Air Magic      | 1 |  1.2
Dodging        | |  2.2
Translocations | |  1.0

Action                   |  1- 3 |  4- 6 || total
-------------------------+-------+-------++-------
Melee: Unarmed           |    30 |       ||    30
       Constrict         |    14 |    22 ||    36
       Tentacles         |     8 |    21 ||    29
       Dagger            |    45 |   126 ||   171
 Cast: Magic Dart        |     8 |     4 ||    12
       Call Imp          |       |     7 ||     7
  Use: Scroll            |       |     6 ||     6
 Stab: Sleeping          |     8 |     5 ||    13
  Eat: Chunk             |     2 |     7 ||     9
Armor: Skin              |    18 |    30 ||    48
Dodge: Dodged            |    52 |    76 ||   128

Table legend:
 A = Non-vault XP
 B = Vault XP
 C = Vault XP percentage of total XP
 D = Non-vault monster count
 E = Vault monster count
 F = Vault count percentage of total count
                 A         B        C        D         E       F
            +---------+---------+-------+---------+---------+-------
      Total |     238 |     114 |  32.4 |      51 |       3 |   5.6
            +---------+---------+-------+---------+---------+-------
        D:1 |      19 |       0 |   0.0 |      14 |       0 |   0.0
        D:2 |      39 |       0 |   0.0 |      10 |       0 |   0.0
        D:3 |      63 |     114 |  64.4 |      20 |       3 |  13.0
        D:4 |     117 |       0 |   0.0 |       7 |       0 |   0.0
            +---------+---------+-------+---------+---------+-------
